[Event "FIDE WY-U16 Olympiad 2022"]
[Site "Nakhchivan"]
[Date "2022.10.03"]
[Round "2.11"]
[White "Zacarias Rodriguez, Santiago"]
[Black "Harshad S"]
[Result "1/2-1/2"]
[ECO "B92"]
[WhiteElo "2091"]
[BlackElo "2228"]
[Annotator "TA"]
[PlyCount "130"]
[EventDate "2022.10.02"]
[EventType "team-tourn"]
[EventCountry "AZE"]
[TimeControl "40/5400+30:1800+30"]

1. e4 c5 2. Nf3 d6 3. d4 cxd4 4. Nxd4 Nf6 5. Nc3 a6 6. Be2 e5 7. Nf3 Be7 8. Bg5 Be6 9. Bxf6 Bxf6 10. O-O O-O 11. Nd5 {[%emt 0:02:39] B92: Sicilian Najdorf: 6 Be2.} Nd7 12. Bc4 Rc8 13. Qe2 Nb6 14. Nxb6 Qxb6 15. Bb3 Rc5 16. Rfd1 {[%emt 0:08:06] [#]} Rfc8 $146 ({Predecessor:} 16... Be7 17. Ne1 a5 18. Qe3 Qc7 19. c3 Rb5 20. Bxe6 fxe6 21. Nd3 d5 22. Re1 Bd6 {½-½ (45) Van den Doel,E (2610)-Rakotomaharo,F (2409) Prague 2019}) 17. Rd2 a5 18. Bxe6 fxe6 19. c3 Qc6 20. Rad1 Be7 21. Rd3 a4 22. a3 Rf8 23. Nd2 Rf6 24. Rf3 Qb5 25. c4 Qe8 ({But not} 25... Qxb2 26. Rb1 Qc2 27. Rxb7 Rxf3 28. Qxf3 Qc1+ 29. Nf1 $16) 26. Rxf6 Bxf6 27. Nb1 Be7 28. Nc3 Bf8 29. Nb1 Qc8 30. Nd2 g6 31. h4 Bh6 32. h5 Kg7 33. hxg6 (33. Qg4 {looks sharper.} Qd7 34. Qh4 Bf4 35. g3) 33... hxg6 {[%emt 0:00:09] The position is equal.} 34. g3 (34. Qg4 {seems wilder.} Qd7 35. Qh4 Bf4 36. Nf1) 34... Qc6 35. b4 (35. Kg2 {keeps more tension.} Bxd2 36. Rxd2 Kf6 37. Qg4) 35... axb3 $1 36. Nxb3 Rxc4 37. Rxd6 Rc1+ 38. Nxc1 Qxd6 $11 {[%emt 0:00:08][%mdl 4096] Endgame KQB-KQN} 39. Nd3 Qxa3 40. Qc2 Qd6 {[%emt 0:00:25] Prevents Qc7+.} 41. Qc3 Kf6 42. f4 Qd4+ 43. Qxd4 exd4 {[%emt 0:00:01] KB-KN} 44. Kf2 g5 45. Kf3 gxf4 46. gxf4 b5 47. Nc5 b4 48. Nb3 d3 {[%emt 0:00:00] [#] Hoping for ...e5.} 49. e5+ $1 Kf5 50. Nd4+ Kg6 51. Ke3 Bxf4+ 52. Kxd3 Kf7 53. Kc4 Bd2 54. Nc6 Kg6 {[%emt 0:00:11] [#] ...Bc3 is the strong threat.} 55. Nd4 Kf7 56. Nc6 Be1 57. Nxb4 Bxb4 58. Kxb4 {[%emt 0:00:00] KP-KP} Kg6 $1 59. Kc5 {[%emt 0:00:00] aiming for Kc6.} Kg5 $1 60. Kd4 Kf5 (60... Kf4 $5) 61. Kd3 Kf4 (61... Kxe5 $5 62. Ke3 $8 Kf6 $11) 62. Kd4 Kf3 (62... Kf5 $5) 63. Kd3 Kf4 64. Kd4 Kf5 65. Kd3 Kxe5 {[%emt 0:00:06] Weighted Error Value: White=0.04 (flawless) /Black=0.03 (flawless)} 1/2-1/2

[Event "FIDE WY-U16 Olympiad 2022"]
[Site "Nakhchivan"]
[Date "2022.10.03"]
[Round "2.11"]
[White "Abdukhakimov, Akbarali"]
[Black "Bashirli, Saadat"]
[Result "1-0"]
[ECO "D31"]
[WhiteElo "1815"]
[BlackElo "1567"]
[Annotator "COMBH"]
[PlyCount "103"]
[EventDate "2022.10.02"]
[EventType "team-tourn"]
[EventCountry "AZE"]
[TimeControl "40/5400+30:1800+30"]

1. d4 d5 2. c4 e6 3. Nc3 c6 4. e4 dxe4 5. Nxe4 Bb4+ 6. Bd2 Qxd4 7. Bxb4 Qxe4+ 8. Be2 Nd7 9. Qd6 a5 10. Bc3 Ne7 11. O-O-O Nf5 12. Qc7 O-O 13. g4 Nh4 14. Qg3 Ng6 15. Rd4 Qe5 16. f4 Qc7 17. Nh3 b5 18. Rhd1 b4 19. Be1 c5 20. Rd6 Ra6 21. Rxa6 Bxa6 22. f5 Qxg3 23. Bxg3 Nge5 24. fxe6 fxe6 25. Rd6 Bb7 26. Ng5 h6 27. Nxe6 Rf6 28. Bxe5 Nxe5 29. Rd8+ Kf7 30. Nxc5 Bc6 31. h4 Rf2 32. Kd1 Rh2 33. h5 Rg2 34. Rd4 Nxg4 35. Rxg4 Rxg4 36. Bxg4 Kf6 37. Ke2 Ke5 38. Ke3 Be8 39. Nd3+ Kd6 40. Kd4 g6 41. c5+ Kc7 42. hxg6 Bxg6 43. Nf4 Bf7 44. Be6 Be8 45. Nd5+ Kc6 46. Nf6 Bg6 47. Bd7+ Kc7 48. c6 Bf7 49. Ne8+ Kd8 50. Kc5 Ke7 51. Kb6 Bd5 52. c7 1-0

[Event "FIDE WY-U16 Olympiad 2022"]
[Site "Nakhchivan"]
[Date "2022.10.03"]
[Round "2.12"]
[White "Boramanikar Tanisha S"]
[Black "Hernandez Diaz, Paula Sofia"]
[Result "1-0"]
[ECO "B22"]
[WhiteElo "1740"]
[BlackElo "1759"]
[Annotator "COMBH"]
[PlyCount "109"]
[EventDate "2022.10.02"]
[EventType "team-tourn"]
[EventCountry "AZE"]
[TimeControl "40/5400+30:1800+30"]

1. e4 c5 2. c3 d5 3. exd5 Qxd5 4. d4 Nc6 5. Nf3 g6 6. Be3 cxd4 7. cxd4 Qa5+ 8. Nc3 Bg7 9. Bc4 Nh6 10. Qb3 O-O 11. d5 Nb4 12. O-O Bf5 13. Bxh6 Bxh6 14. Nd4 Bd3 15. Bxd3 Nxd3 16. Rad1 Nc5 17. Qc4 Na6 18. Rfe1 Rfe8 19. Ndb5 Rec8 20. Qg4 Bf8 21. Re3 Rc5 22. a4 Qb4 23. Qe2 Qc4 24. Qe1 Rcc8 25. Rf3 Nb4 26. Qd2 Rd8 27. Rf4 Qc5 28. Rd4 a5 29. Qe2 Bg7 30. Rc4 Qb6 31. Qxe7 Nd3 32. Qe2 Ne5 33. Re4 Nd7 34. Qe3 Nc5 35. Rc4 Rac8 36. d6 Bxc3 37. Nxc3 Rxd6 38. Nd5 Rcd8 39. Qxc5 Qb3 40. Ne7+ Kg7 41. Re1 Re6 42. Rcc1 Kf6 43. h4 h6 44. h5 Rd7 45. Nc8 Qxb2 46. Rxe6+ fxe6 47. Rc3 Qa1+ 48. Kh2 Qxa4 49. Rf3+ Kg7 50. Qf8+ Kh7 51. hxg6+ Kxg6 52. Rg3+ Kh5 53. Qf3+ Kh4 54. Qf6+ Kh5 55. Qg6+ 1-0

[Event "FIDE WY-U16 Olympiad 2022"]
[Site "Nakhchivan"]
[Date "2022.10.03"]
[Round "2.12"]
[White "Budagova, Leyla"]
[Black "Bozorov, Javokhir"]
[Result "0-1"]
[ECO "B80"]
[WhiteElo "1356"]
[BlackElo "1844"]
[Annotator "NA RC COMBH"]
[PlyCount "80"]
[EventDate "2022.10.02"]
[EventType "team-tourn"]
[EventCountry "AZE"]
[SourceTitle "playchess.com"]
[Source "ChessBase"]
[SourceQuality "1"]
[WhiteTeam "Azerbaijan"]
[BlackTeam "Uzbekistan"]
[WhiteTeamCountry "AZE"]
[BlackTeamCountry "UZB"]
[TimeControl "40/5400+30:1800+30"]

1. e4 c5 2. Nf3 d6 3. d4 cxd4 4. Nxd4 Nf6 5. Nc3 a6 6. Be3 e6 7. Qd2 Be7 8. f3 b5 9. a3 Bb7 10. O-O-O Nbd7 11. Nb3 Rc8 12. Bf4 e5 13. Be3 O-O 14. g4 Nc5 15. Nxc5 dxc5 16. Qxd8 Rfxd8 17. Bh3 Ne8 18. g5 Rb8 19. f4 Nc7 20. fxe5 b4 21. axb4 cxb4 22. Ne2 Bxe4 23. Rhf1 Nd5 24. Bd2 Bc5 25. e6 fxe6 26. Bxe6+ Kh8 27. Bxd5 Bxd5 28. Rf5 Rbc8 29. Nf4 Bc4 30. Ng2 Bd4 31. Kb1 b3 32. Bc3 Bxc3 33. Rxd8+ Rxd8 34. bxc3 bxc2+ 35. Kc1 Bb3 36. Kb2 g6 37. Rf2 Rd1 38. Rxc2 Bxc2 39. Kxc2 Rg1 40. Ne3 Rxg5 0-1

[Event "FIDE WY-U16 Olympiad 2022"]
[Site "Nakhchivan"]
[Date "2022.10.03"]
[Round "2.13"]
[White "Arkadan, Adib"]
[Black "Wiratunga, Jenith"]
[Result "1-0"]
[ECO "D56"]
[WhiteElo "1884"]
[BlackElo "1741"]
[Annotator "NA RC COMBH"]
[PlyCount "63"]
[EventDate "2022.10.02"]
[EventType "team-tourn"]
[EventCountry "AZE"]
[SourceTitle "playchess.com"]
[Source "ChessBase"]
[SourceQuality "1"]
[WhiteTeam "Lebanon"]
[BlackTeam "Sri Lanka"]
[WhiteTeamCountry "LBN"]
[BlackTeamCountry "SRI"]
[TimeControl "40/5400+30:1800+30"]

1. Nf3 Nf6 2. c4 e6 3. d4 d5 4. Nc3 Be7 5. Bg5 h6 6. Bh4 O-O 7. e3 Ne4 8. Bg3 Nxg3 9. hxg3 dxc4 10. Bxc4 c5 11. Qe2 Nc6 12. Rd1 cxd4 13. exd4 Qa5 14. O-O Bf6 15. a3 Rd8 16. Qe4 Rb8 17. d5 Bxc3 18. bxc3 exd5 19. Bxd5 Bd7 20. Qc4 Be8 21. Rfe1 Qxa3 22. Rxe8+ Rxe8 23. Bxf7+ Kh8 24. Bxe8 Rxe8 25. Nh4 Ne5 26. Qb5 Re6 27. Qxb7 Qxc3 28. Rd8+ Kh7 29. Qe4+ g6 30. Qb7+ Nf7 31. Qxf7+ Qg7 32. Qxe6 1-0

[Event "FIDE WY-U16 Olympiad 2022"]
[Site "Nakhchivan"]
[Date "2022.10.03"]
[Round "2.14"]
[White "Zhakshylykov, Erzhan"]
[Black "Talibov, Shiroghlan"]
[Result "1/2-1/2"]
[ECO "E32"]
[WhiteElo "2293"]
[BlackElo "2299"]
[PlyCount "87"]
[EventDate "2022.10.02"]
[EventType "team-tourn"]
[EventCountry "AZE"]
[TimeControl "40/5400+30:1800+30"]

1. d4 Nf6 2. c4 e6 3. Nc3 Bb4 4. Qc2 O-O $11 5. a3 Bxc3+ 6. Qxc3 b6 7. Bg5 Bb7 8. e3 d6 9. Ne2 h6 10. Bh4 Nbd7 11. Qc2 c5 12. Rd1 Qc7 13. Nc3 a6 14. dxc5 Qxc5 15. Qd2 d5 16. cxd5 Nxd5 17. Nxd5 Qxd5 18. Qxd5 exd5 19. Be7 Rfe8 20. Bb4 f5 21. Bd3 f4 22. Bg6 Re5 23. O-O Rg5 24. Bc2 fxe3 25. fxe3 Re8 26. e4 Nf6 27. Bd2 Rg4 28. h3 Rh4 29. exd5 Bxd5 30. Rde1 Rxe1 31. Rxe1 Rc4 32. Bc3 Rc7 33. Rd1 Be4 34. Bb3+ Kh7 35. Rd6 Rc6 36. Rxc6 Bxc6 37. Bd4 b5 38. Be6 Bb7 39. g4 Kg6 40. Kf2 Ne4+ 41. Ke3 Ng5 42. Bf5+ Kf7 43. h4 Nf3 44. Bc8 1/2-1/2

[Event "FIDE WY-U16 Olympiad 2022"]
[Site "Nakhchivan"]
[Date "2022.10.03"]
[Round "2.14"]
[White "Kiriella, K G T S D"]
[Black "Karam, Youssef Mark"]
[Result "0-1"]
[ECO "B46"]
[WhiteElo "1907"]
[BlackElo "1488"]
[Annotator "TA"]
[PlyCount "80"]
[EventDate "2022.10.02"]
[EventType "team-tourn"]
[EventCountry "AZE"]
[TimeControl "40/5400+30:1800+30"]

1. e4 c5 2. Nf3 a6 3. Nc3 Nc6 4. d4 cxd4 5. Nxd4 e6 6. Nxc6 bxc6 7. e5 Qc7 8. f4 d6 9. exd6 Bxd6 10. g3 {[%emt 0:08:51] B46: Sicilian: Taimanov: 5 Nc3 a6.} (10. Ne4 $11 {should be considered.} Be7 11. Bc4) 10... Nf6 11. Bg2 {[%emt 0:00:11] [#]} Bc5 $146 (11... O-O $11) ({Predecessor:} 11... O-O 12. O-O Rb8 13. b3 Bc5+ 14. Kh1 Rd8 15. Qe1 Bd4 16. Rb1 a5 17. Ne2 Ba6 {1-0 (57) Shirov,A (2713)-Svidler,P (2733) Leon 2004}) 12. Qf3 {[%emt 0:05:33] White is slightly better.} (12. Na4 $5 ) 12... Nd5 13. Ne4 Ba7 ({Better is} 13... Bb6 $1 $11) 14. c4 (14. Qa3 $5 ) 14... O-O 15. cxd5 exd5 16. Nf2 (16. Nc3 $1 $11) 16... Re8+ {[%emt 0:12:22][%mdl 1024] Black has strong compensation.} 17. Kd1 Qb6 {[%emt 0:05:48] [#] ...Qd4+ is the strong threat. Black is more active.} 18. Nd3 (18. Re1 $142 Bf5 19. Rxe8+ Rxe8 20. g4 Qd4+ 21. Bd2) 18... Bf5 $36 {[%emt 0:10:03][%mdl 2048] White is under strong pressure.} 19. b3 $2 ({Wrong is} 19. g4 $2 Be4 20. Qe2 Qd4 $17) (19. Re1 $17) 19... Qd4 $2 {[%emt 0:01:46] The board is on fire.} (19... Be4 $19 {is more deadly.} 20. Qe2 Bxg2 21. Qxg2 Qd4) 20. Kc2 $2 {[%emt 0:00:04][%mdl 8192] This costs White the game.} Qxa1 $19 21. Bb2 Qxa2 {[%emt 0:00:22] ( -> ...Rab8)} 22. Ra1 Qxa1 ({Weaker is} 22... Bxd3+ 23. Qxd3 Qxa1 24. Bxa1 $18) 23. Bxa1 Re3 24. Qh5 Bxd3+ 25. Kd2 Bg6 26. Qg4 f5 27. Qg5 (27. Qd1 $142 Rb8 28. Qc1) 27... Rae8 {[%emt 0:00:16] Hoping for ...Re2+.} 28. Be5 Rxb3 29. h4 Bf2 30. g4 Rg3 31. Bf3 Rxf3 32. h5 {[%emt 0:00:07] [#]} Rxe5 $1 33. hxg6 (33. fxe5 Be3+) 33... Re8 {[%emt 0:02:04] Black mates.} 34. gxh7+ Kh8 35. gxf5 Rxf4 36. Qg6 Be1+ 37. Kd1 Re5 38. Qf7 Kxh7 39. Qg6+ Kg8 40. Qxc6 Rd4+ {[%emt 0:00:06] Weighted Error Value: White=1.56/Black=0.52} 0-1

[Event "FIDE WY-U16 Olympiad 2022"]
[Site "Nakhchivan"]
[Date "2022.10.03"]
[Round "2.15"]
[White "Fawaz, Mohamad"]
[Black "Nabil Nazar, Mohamed"]
[Result "0-1"]
[ECO "B13"]
[WhiteElo "1394"]
[BlackElo "1861"]
[Annotator "COMBH"]
[PlyCount "126"]
[EventDate "2022.10.02"]
[EventType "team-tourn"]
[EventCountry "AZE"]
[TimeControl "40/5400+30:1800+30"]

1. e4 c6 2. d4 d5 3. exd5 cxd5 4. Bd3 Nc6 5. c3 Nf6 6. h3 e6 7. Nf3 Bd6 8. O-O O-O 9. Bg5 h6 10. Bxf6 Qxf6 11. Re1 e5 12. dxe5 Nxe5 13. Nxe5 Bxe5 14. Nd2 Bc7 15. Nf3 Bd7 16. Bc2 Rad8 17. Qd3 g6 18. Qd4 Qd6 19. Rad1 Bc6 20. Qh4 Kg7 21. Rd4 Rfe8 22. Red1 Re2 23. R4d2 Rde8 24. Bd3 Rxd2 25. Rxd2 a5 26. Qd4+ Kh7 27. Qh4 a4 28. Bc2 a3 29. b3 Bd8 30. Qd4 Bf6 31. Qd3 Qc5 32. Nd4 Re1+ 33. Kh2 Qd6+ 34. g3 Bd7 35. Nf3 Re7 36. c4 Qe6 37. Qf1 dxc4 38. bxc4 Bc6 39. Bd1 Qf5 40. Nd4 Bxd4 41. Rxd4 Re4 42. Bc2 Qf3 43. Bxe4 Bxe4 44. Rd2 h5 45. h4 f5 46. c5 f4 47. Rd1 Bd5 48. Re1 Bxa2 49. Re7+ Kg8 50. Qe2 fxg3+ 51. fxg3 Qxe2+ 52. Rxe2 Bb1 53. Re3 a2 54. Ra3 Kf7 55. Kg2 Ke6 56. Kf2 Kd5 57. Ke3 Kxc5 58. Kd2 Kb4 59. Ra7 b5 60. Kc1 Kb3 61. Ra5 b4 62. Ra7 Bd3 63. Ra8 Bb5 0-1

[Event "FIDE WY-U16 Olympiad 2022"]
[Site "Nakhchivan"]
[Date "2022.10.03"]
[Round "2.16"]
[White "Gamage, Desandhi Dhihansa"]
[Black "Fawaz, Nadia"]
[Result "1-0"]
[ECO "B40"]
[WhiteElo "1624"]
[BlackElo "1500"]
[Annotator "NA RC COMBH"]
[PlyCount "75"]
[EventDate "2022.10.02"]
[EventType "team-tourn"]
[EventCountry "AZE"]
[SourceTitle "playchess.com"]
[Source "ChessBase"]
[SourceQuality "1"]
[WhiteTeam "Sri Lanka"]
[BlackTeam "Lebanon"]
[WhiteTeamCountry "SRI"]
[BlackTeamCountry "LBN"]
[TimeControl "40/5400+30:1800+30"]

1. e4 c5 2. Nf3 e6 3. d4 cxd4 4. Nxd4 Nf6 5. Bd3 Nc6 6. Be3 d5 7. Nd2 e5 8. N4f3 h6 9. exd5 Nxd5 10. Qe2 Be7 11. Nc4 Bg4 12. h3 Bb4+ 13. Ncd2 Be6 14. Bb5 Qc7 15. c3 Ba5 16. O-O O-O 17. Bxc6 bxc6 18. Bc5 Rfd8 19. Nxe5 Nf4 20. Qe3 Nd5 21. Qg3 Nxc3 22. bxc3 Rxd2 23. Bd4 c5 24. Be3 Bxc3 25. Bxd2 Bxe5 26. Qf3 Rd8 27. Bc3 Bf4 28. Rfd1 Re8 29. a4 Bc8 30. Re1 Rf8 31. Rad1 Bb7 32. Qg4 g6 33. Rd7 Qc6 34. Rxb7 Bh2+ 35. Kxh2 Qxb7 36. Qf4 Qb8 37. Be5 Qb7 38. Qf6 1-0

[Event "FIDE WY-U16 Olympiad 2022"]
[Site "Nakhchivan"]
[Date "2022.10.03"]
[Round "2.16"]
[White "Berdibaeva, Edisa"]
[Black "Abdinova, Narmin"]
[Result "0-1"]
[ECO "C68"]
[WhiteElo "1563"]
[BlackElo "1810"]
[Annotator "COMBH"]
[PlyCount "89"]
[EventDate "2022.10.02"]
[EventType "team-tourn"]
[EventCountry "AZE"]
[TimeControl "40/5400+30:1800+30"]

1. e4 e5 2. Nf3 Nc6 3. Bb5 a6 4. Bxc6 dxc6 5. d4 exd4 6. Qxd4 Qxd4 7. Nxd4 Bd7 8. Nc3 O-O-O 9. Be3 Re8 10. O-O-O Bb4 11. Nde2 f5 12. exf5 Bxf5 13. a3 Bd6 14. Bf4 Bxf4+ 15. Nxf4 Nf6 16. f3 g5 17. Nd3 Nd5 18. Nxd5 cxd5 19. Nb4 c6 20. Rhe1 g4 21. c3 gxf3 22. gxf3 Rhg8 23. Rxe8+ Rxe8 24. Nc2 Bxc2 25. Kxc2 Re3 26. Rd3 Re1 27. Kb3 Rf1 28. h4 Rf2 29. a4 a5 30. Ka3 b6 31. b3 Kd7 32. c4 Kd6 33. b4 axb4+ 34. Kxb4 Rh2 35. cxd5 Rxh4+ 36. Kb3 cxd5 37. Re3 Rf4 38. Rd3 h5 39. Rd1 Rxf3+ 40. Kb4 h4 41. Rh1 h3 42. Kb5 Rb3+ 43. Ka6 Ke5 44. Rh2 d4 45. Rh1 0-1

[Event "FIDE WY-U16 Olympiad 2022"]
[Site "Nakhchivan"]
[Date "2022.10.03"]
[Round "2.17"]
[White "Anand, Batsukh"]
[Black "Kilic, Eray"]
[Result "0-1"]
[ECO "D94"]
[WhiteElo "2201"]
[BlackElo "2428"]
[PlyCount "110"]
[EventDate "2022.10.02"]
[EventType "team-tourn"]
[EventCountry "AZE"]
[TimeControl "40/5400+30:1800+30"]

1. d4 Nf6 2. c4 g6 3. Nc3 d5 4. Nf3 Bg7 5. e3 c6 6. Bd3 O-O 7. O-O dxc4 8. Bxc4 Nbd7 9. e4 Nb6 10. Bb3 Bg4 11. Be3 Ne8 12. a4 a5 13. Rc1 Nd6 14. h3 Bxf3 15. Qxf3 Nd7 16. e5 Nf5 17. g4 Qb6 18. gxf5 Qxb3 19. Qg4 Rad8 20. Ne4 gxf5 21. Qxf5 e6 22. Qg4 f5 23. exf6 Nxf6 24. Nc5 Qxb2 25. Qxe6+ Kh8 26. Qc4 Nd5 27. Rc2 Nxe3 28. fxe3 Rxf1+ 29. Kxf1 Qb1+ 30. Ke2 Rf8 31. Rc1 Qf5 32. Qe6 Qf3+ 33. Kd3 Rd8 34. Nd7 Qh5 35. Rg1 Re8 36. Qg4 Qf7 37. Nc5 b6 38. Qd7 Re7 39. Qd8+ Bf8 40. Ne4 c5 41. d5 c4+ 42. Kd4 Qf3 43. Rg4 Qf1 44. Kc3 Qd3+ 45. Kb2 Rf7 46. Qxb6 h5 47. Rg5 Qxe4 48. Rxh5+ Kg8 49. Qe6 Bg7+ 50. Kc1 Qh1+ 51. Kd2 Qg2+ 52. Kd1 Qf3+ 53. Kc2 Qe2+ 54. Kc1 Qxh5 55. Qe8+ Bf8 0-1

[Event "FIDE WY-U16 Olympiad 2022"]
[Site "Nakhchivan"]
[Date "2022.10.03"]
[Round "2.17"]
[White "Mendez Machado, Andre"]
[Black "Cheng, Justin Hong-Chen"]
[Result "1-0"]
[ECO "B24"]
[WhiteElo "2003"]
[BlackElo "1843"]
[Annotator "TA"]
[PlyCount "89"]
[EventDate "2022.10.02"]
[EventType "team-tourn"]
[EventCountry "AZE"]
[TimeControl "40/5400+30:1800+30"]

1. e4 c5 2. Nc3 Nc6 3. Bb5 Nd4 4. Nf3 a6 5. Bd3 Nc6 6. Bc4 e6 7. O-O d6 8. a4 Nf6 9. d4 cxd4 10. Nxd4 Qc7 {[%emt 0:06:24] B88: Sicilian: Sozin Attack.} 11. Nxc6 bxc6 12. Qf3 (12. Bf4 $11) 12... d5 $1 $15 {[%emt 0:19:59] Black is slightly better.} 13. Bd3 Bd6 14. h3 {[%emt 0:07:36] [#]} O-O $146 ({Predecessor:} 14... Bb7 15. Re1 O-O 16. a5 d4 17. Na4 Qxa5 18. Qe2 Bb4 19. Rf1 e5 20. Bg5 Be7 21. b3 Qc7 22. Bxf6 Bxf6 {1-0 (42) Zielinski,M (2091)-Dzierzak,R (1912) Szczyrk 2013}) 15. Bg5 Be5 16. Qe2 h6 17. Bd2 Bb7 (17... c5 $17 {Hoping for ...c4.} 18. b3 Bb7) 18. f4 Bd4+ 19. Kh1 c5 $1 20. e5 c4 $36 {[%emt 0:05:39][%mdl 2048] And now ...Nd7 would win. Black is really pushing.} 21. exf6 cxd3 22. Qxd3 Bxf6 23. f5 (23. Be3 $17) 23... Rac8 24. fxe6 fxe6 {[%emt 0:00:14] Strongly threatening ...Qc6.} 25. Qg6 d4 26. Ne4 Bxe4 ({Black should try} 26... Qxc2 $19 27. Nxf6+ Kh8 28. Qh7+ (28. Qxc2 $2 Rxc2 29. Nh5 Rxf1+ 30. Rxf1 Rxd2 $19) 28... Qxh7 29. Nxh7 Rxf1+ 30. Rxf1 Kxh7) 27. Qxe4 Qxc2 28. Qxe6+ Kh7 29. Bb4 ({Better is} 29. Rac1 $15 Qd3 30. Bf4) 29... Rfe8 $17 30. Qf7 Qg6 31. Qa7 (31. Qxg6+ $17 Kxg6 32. Ra3) 31... Rc2 32. Rg1 Qg3 $2 (32... Ree2 33. Qa8 Be5) 33. Be1 $2 (33. Ra3 d3 34. Qd7) 33... Qf4 $19 {[%emt 0:00:33] ( -> ...Be5)} 34. Qxa6 {[%emt 0:00:42] [#]} Be5 $2 (34... Re3 $1 {mates} 35. Qe6 Rxe6 36. Bd2 Qxd2 37. a5 Re3 38. Ra3 Be5 39. h4 {[#]} Qxg2+ $3 40. Rxg2 Re1+ 41. Rg1 Rh2#) 35. Qd3+ $11 Kh8 $2 (35... g6 $11 {and Black is okay.} 36. g3 Qf5 37. Qxf5 gxf5) 36. g3 $18 Qe3 37. Qxc2 d3 38. Qf2 Qe4+ 39. Qg2 Qc4 40. Bc3 Bc7 41. Rge1 Rd8 42. Qe4 Qb3 43. Qg6 Qd5+ 44. Kh2 Rg8 45. Qxh6# {White used his chance.  Weighted Error Value: White=0.96/Black=0.80} 1-0

[Event "FIDE WY-U16 Olympiad 2022"]
[Site "Nakhchivan"]
[Date "2022.10.03"]
[Round "2.18"]
[White "Li, Yiheng"]
[Black "Batista Rosas, Nicolas Arturo"]
[Result "1/2-1/2"]
[ECO "B15"]
[WhiteElo "1766"]
[BlackElo "1919"]
[Annotator "TA"]
[PlyCount "209"]
[EventDate "2022.10.02"]
[EventType "team-tourn"]
[EventCountry "AZE"]
[TimeControl "40/5400+30:1800+30"]

1. e4 c6 2. d4 d5 3. Nc3 dxe4 4. Nxe4 Nf6 5. Nxf6+ exf6 6. c3 Bd6 7. Bd3 O-O 8. Qc2 {[%emt 0:00:19] Active counter play!} Re8+ {[%emt 0:02:38] B15: Caro-Kann: 3 Nc3: 3...g6 and 3...dxe4 4 Nxe4 Nf6 5 Nxf6+ exf6.} 9. Ne2 h5 10. O-O h4 {[%emt 0:03:46] White is slightly better.} 11. Bd2 Nd7 12. Bf4 Nf8 (12... Rxe2 $2 13. Qxe2 Bxf4 14. Qe4 $18) 13. Bxd6 Qxd6 {[%emt 0:00:03] [#]} 14. Qd2 $146 ({Predecessor:} 14. Rae1 Bd7 15. g3 Bh3 16. Nf4 Bxf1 17. Rxf1 Re7 18. Bc4 b5 19. Bb3 a5 20. a3 {0-1 (42) Rempe,J (1957)-Amburgy,R (1989) ICC INT 2020}) 14... Ne6 (14... h3 $11) 15. Rae1 ({White should play} 15. f4 $14) 15... Bd7 (15... h3 $5) 16. Bc4 (16. f4 $11 {remains equal.}) 16... h3 $17 17. g3 Ng5 18. f3 Be6 19. d5 Bxd5 20. Bxd5 cxd5 ({Reject} 20... Qxd5 $6 21. Qxd5 cxd5 22. Kf2 $11 (22. Nd4 Ne6 $15)) 21. Nd4 g6 22. Qf2 a6 23. Re2 Kg7 24. Rfe1 Qd7 25. Kf1 Ne6 26. Rd1 Nxd4 27. Rxd4 Qb5 28. Rb4 Qd3 29. Rd4 (29. a3 $17) 29... Qf5 (29... Qb1+ $1 $19 {and Black stays clearly on top.} 30. Qe1 Qf5 31. Rxe8 Qxf3+ 32. Qf2 Qh1+ 33. Qg1 Qxg1+ 34. Kxg1 Rxe8) 30. g4 Qg5 (30... Qd7 $1 $17 31. c4 Rac8 32. Rxd5 Qc6) 31. Red2 (31. Rxe8 $11 Rxe8 32. Qd2) 31... Rad8 32. Qg3 f5 ({Better is} 32... Qe3 $17 33. Qf2 Qe6) 33. Qxh3 $15 fxg4 (33... Re5 $5 ) 34. Qxg4 Qe3 {[%emt 0:01:23] Strongly threatening ...Qe1+.} 35. Qg3 {[%emt 0:01:08] Prevents Qe1+.} b5 36. Qf2 Qe5 37. Qg3 Qf5 38. Kg2 Re6 39. Qf2 Rf6 40. Re2 Rh8 {[%emt 0:00:52][%cal Bd8h8,Bh8h5,Bh5f5][%mdl 32] Threatens to win with ...Qh3+.} 41. Rg4 Rh5 42. Rd2 Qb1 43. Qd4 (43. a3 $11) 43... Rhf5 $1 $17 44. Rg3 Qxa2 45. Rf2 Qc4 46. Rg4 Qc7 47. Kg1 Qe7 48. Kg2 Qd6 49. Kg1 Kg8 50. Rh4 $2 (50. Kg2 $17) 50... Rf4 $19 51. Rxf4 Rxf4 {[%emt 0:00:00][%mdl 4096] Endgame KQR-KQR} 52. Qd3 Qc5 53. Kg2 d4 54. Rc2 Qg5+ 55. Kf1 Qh5 ({Don't blunder} 55... Qg4 $2 56. Rf2 Qh5 57. cxd4 $19) 56. Rf2 dxc3 57. Qxc3 Rc4 58. Qe3 Qc5 59. Qxc5 Rxc5 {[%emt 0:00:00] KR-KR} 60. Rd2 Kf8 61. b4 Rc3 62. Kg2 Rb3 {[%emt 0:00:00] Prevents Rb2.} 63. Ra2 Rxb4 {[%emt 0:00:00] ...Ra4 is the strong threat.} 64. Rxa6 Rb1 65. Rb6 b4 66. Rb7 Rb2+ 67. Kg3 Kg7 68. Kf4 $2 (68. Kg4 Kf6 69. Kg3) 68... Rxh2 69. Kg3 Rb2 70. Kh3 Kf6 71. Kg3 Rb1 72. Kg2 b3 73. Kh2 Ke6 74. Kg2 f5 75. Rb6+ Kf7 76. Kh2 Kg7 77. Kg2 Kh6 78. Kg3 Kg5 79. Rb8 b2 80. Kg2 Kf4 81. Rb6 Rd1 $2 (81... g5 $19 82. Rb4+ Ke3 83. Rb3+ Kd4) 82. Rxb2 $11 Ke3 83. Rb6 Rd2+ 84. Kg1 g5 ({Don't play} 84... Kxf3 $6 85. Rxg6 f4 86. Rf6 $17) 85. Rg6 $2 {[%emt 0:01:39][%mdl 8192] [#]} (85. Rb5 $11) 85... Kf4 $2 (85... g4 $1 $19 86. fxg4 f4) 86. Rg8 Ra2 87. Rg7 Ra3 88. Kg2 Ra2+ 89. Kg1 Kxf3 (89... Ra8 $17 90. Rg6 Ra1+ 91. Kg2 Ra2+ 92. Kg1 Rb2) 90. Rxg5 f4 91. Rb5 Ra1+ 92. Kh2 Re1 93. Rb4 Ke3 94. Rb3+ Kf2 95. Rb4 f3 {[%emt 0:00:16] Hoping for ...Kf1.} 96. Rb3 Re3 97. Rb2+ {[%emt 0:00:25] [#]} Kf1 $1 98. Rb1+ Re1 99. Rb3 f2 100. Rb2 Re3 $2 (100... Rd1 101. Rb7 Ra1) 101. Ra2 Ke1 $2 (101... Re2 102. Ra8 Re5) 102. Ra1+ {[%emt 0:00:05] The position is equal.} Ke2 103. Kg2 {[%emt 0:00:15] Against f1Q+} Re8 104. Ra2+ Ke3 {[%emt 0:00:14] And now ...Rg8+ would win.} 105. Rxf2 {[%emt 0:00:45] Weighted Error Value: White=0.21 (precise) /Black=0.12 (very precise)} 1/2-1/2

[Event "FIDE WY-U16 Olympiad 2022"]
[Site "Nakhchivan"]
[Date "2022.10.03"]
[Round "2.19"]
[White "Amilal Munkhdalai"]
[Black "Ozkan, Taha"]
[Result "1-0"]
[ECO "C07"]
[WhiteElo "2137"]
[BlackElo "2299"]
[PlyCount "104"]
[EventDate "2022.10.02"]
[EventType "team-tourn"]
[EventCountry "AZE"]
[TimeControl "40/5400+30:1800+30"]

1. e4 e6 2. d4 d5 3. Nd2 c5 4. dxc5 Bxc5 5. exd5 Qxd5 ({Don't do} 5... Qf6 6. Bb5+ Bd7 7. Bxd7+ (7. Ne4 Qe5 $11) 7... Nxd7 8. Qe2 $16) 6. Ngf3 Nf6 7. Bc4 Qd8 8. Qe2 Nc6 9. O-O O-O 10. Ne4 Be7 11. Bg5 Nxe4 12. Bxe7 Qxe7 13. Qxe4 Rd8 14. Rfd1 Bd7 15. Bd3 g6 16. h4 e5 17. Bb5 $11 Bf5 18. Qe2 e4 19. Bxc6 bxc6 20. Nd4 Bd7 21. Re1 Re8 22. h5 Rab8 23. hxg6 hxg6 24. c3 Qg5 25. b4 c5 26. bxc5 Qxc5 27. Qd2 Qa3 28. Rab1 Rbd8 29. Rb3 Qa4 30. Qb2 Qc4 31. Re3 Be6 32. a3 Qa4 33. Rb5 Qd1+ 34. Kh2 Qg4 35. Qb1 Qh4+ 36. Kg1 Bc4 37. Rb7 Qf4 38. Qb4 Bd3 39. Nc6 Rd6 40. Rb8 Rde6 41. Rxe8+ Rxe8 42. Qd4 Re6 43. Ne7+ Rxe7 44. Qd8+ Kg7 45. Qxe7 a6 46. Qb4 Qf6 47. Qd4 Qxd4 48. cxd4 f5 49. f3 Kf6 50. Kf2 Ke6 51. Rxd3 exd3 52. Ke3 Kd5 1-0